 Dungeon Crawl Stone Soup version 0.24-a0-616-ge2a249a (webtiles) character file.

Game seed: 575640037408375033, levelgen mode: deterministic

273 Dorkslayer the Skirmisher (level 6, -3/43 HPs)
             Began as an Octopode Fighter on Sept 14, 2019.
             Slain by a river rat (5 damage)
             ... in a sewer.
             The game lasted 00:10:23 (1758 turns).

Dorkslayer the Skirmisher (Octopode Fighter)        Turns: 1758, Time: 00:10:23

Health: -3/43      AC:  1    Str: 16    XL:     6   Next: 24%
Magic:  6/6        EV:  9    Int: 10    God:
Gold:   87         SH:  9    Dex: 13    Spells: 5/5 levels left

rFire    . . .     SeeInvis .   a - +0 long sword
rCold    . . .     Gourm    .   b - +0 shield
rNeg     . . .     Faith    .   (helmet restricted)
rPois    +         Spirit   .   (no amulet)
rElec    .         Reflect  .   m - ring of poison resistance
rCorr    .         Harm     .   (no ring)
MR       .....                  (no ring)
Stlth    ++++......             (no ring)
HPRegen  0.14/turn              (no ring)
MPRegen  0.10/turn              (no ring)
                                (no ring)
                                (no ring)

@: hasted, constricted, very quick
A: almost no armour, stealthy swim, amphibious, 8 rings, constrict 8, camouflage
1, gelatinous body 1
a: no special abilities


You were in a sewer.
You were not hungry.

You visited 1 branch of the dungeon, and saw 3 of its levels.
You also visited: Sewer.

You collected 87 gold pieces.

Inventory:

Hand Weapons
 a - a +0 long sword (weapon)
Missiles
 i - 5 boomerangs
 p - 8 poisoned darts (quivered)
Armour
 b - a +0 shield (worn)
Jewellery
 m - a ring of poison resistance (left tentacle)
Scrolls
 l - a scroll of immolation {unknown}
 o - a scroll of fear {unknown}
Potions
 c - a potion of might
 k - 2 potions of agility
 n - a potion of lignification {unknown}
Comestibles
 d - 3 rations


   Skills:
 * Level 4.2 Fighting
 + Level 4.0 Long Blades
 + Level 0.1 Throwing
 + Level 3.7 Dodging
 + Level 3.1 Stealth
 + Level 3.6 Shields


You had 5 spell levels left.
You didn't know any spells.
Your spell library was empty.

Dungeon Overview and Level Annotations

Branches:
Dungeon (3/15)              Sewer (1/1)

Altars:


Innate Abilities, Weirdness & Mutations

You cannot wear most types of armour.
You are very stealthy in the water. (Stealth+)
You are amphibious.
You can wear up to eight rings at the same time.
You can use your tentacles to constrict eight enemies at once.
Your skin changes colour to match your surroundings (Stealth+).
Your rubbery body absorbs attacks. (AC +1, EV +1)


Message History

You constrict the river rat. You block the ball python's attack.
The ball python closely misses you.
You riposte.
You slash the ball python!
You kill the ball python!
The river rat bites you.
The ball python bites you but does no damage.
You block the ball python's attack. The ball python misses you.
The ball python grabs you. The ball python constricts you.
You feel yourself speed up.
You constrict the river rat. The river rat bites you! x2
* * * LOW HITPOINT WARNING * * *
You block the ball python's attack. x2
* * * LOW HITPOINT WARNING * * *
The ball python constricts you.
Unknown command.
It was a potion of magic.
Magic courses through your body.
You constrict the river rat.
The river rat twitches its whiskers.
You block the river rat's attack. The ball python closely misses you.
The river rat bites you.
You die...

#..∩∩..#
#r.....#
#......#
r.....#
##.≈...#
##..≈..#
#≈≈≈≈≈≈#
#r†≈≈≈≈#
#≈≈≈≈≈≈#
#≈≈≈≈≈≈#
#≈≈≈≈≈≈#
#≈≈≈≈≈≈#
#≈≈≈≈≈≈#
#r≈≈≈≈≈#
#≈≈≈≈≈≈#
#SS≈≈#≈#
#≈≈≈≈≈≈#
#@r≈≈≈≈#
#≈≈≈#≈≈#
#≈r≈≈≈≈#
#≈.≈≈≈≈#
#≈≈≈≈≈≈#
#≈≈≈≈≈≈#
#≈≈≈#≈.#
#≈≈≈≈.≈#
#≈≈≈≈≈≈#
#≈≈≈≈≈†#
#≈≈≈≈≈≈#
#≈≈≈≈≈≈#
#≈≈≈#≈≈#
#≈≈≈≈≈≈#
#≈≈≈≈≈≈#
#≈≈≈≈≈≈#
#≈≈≈≈≈≈#


You could see 3 river rats, 2 ball pythons and a rat.

Vanquished Creatures
  A bullfrog (D:2)
  4 gnolls
  3 river rats (Sewer)
  7 adders
  An ooze (Sewer)
  2 worms (D:2)
  4 leopard geckos
  3 ball pythons
  4 giant cockroaches
  6 goblins
  7 hobgoblins
  6 jackals
  7 kobolds
  2 quokkas (D:2)
  5 bats
  5 frilled lizards
  10 rats
77 creatures vanquished.

Notes
Turn   | Place    | Note
-------+----------+-------------------------------------------
     0 | D:1      | Dorkslayer the Octopode Fighter began the quest for the
                  | Orb.
     0 | D:1      | Reached XP level 1. HP: 16/16 MP: 1/1
   207 | D:1      | Reached XP level 2. HP: 21/21 MP: 2/2
   372 | D:1      | Reached XP level 3. HP: 21/26 MP: 3/3
   828 | D:2      | Reached skill level 1 in Stealth
   828 | D:2      | Reached XP level 4. HP: 27/33 MP: 4/4
  1042 | D:2      | Reached XP level 5. HP: 31/37 MP: 5/5
  1548 | D:3      | Found a glowing drain.
  1554 | D:3      | Reached XP level 6. HP: 35/43 MP: 6/6
  1559 | Sewer    | Entered a sewer
  1757 | Sewer    | HP: 2/43 [ball python (1)]
  1758 | Sewer    | Slain by a river rat

Levels and vault maps discovered:
D:1:      lemuel_arrival_river_bridge, layout_basic, st_stairs_10,
          hangedman_decor_points
D:2:      layout_loops_cross, due_unseen_surprise
D:3:      layout_loops_ring, portal_sewer_entry_d,
          minmay_misc_feat_secret_circle
Sewer:    sewer_minmay_w

Skill      XL: |  1  2  3  4  5  6 |
---------------+-------------------+-----
Stealth        | 1 2 3 |  3.1
Long Blades    | 3 4 |  4.0
Fighting       | 4 |  4.2
Throwing       | |  0.1
Dodging        | |  3.7
Shields        | |  3.6

Action                   |  1- 3 |  4- 6 || total
-------------------------+-------+-------++-------
Melee: Long sword        |    53 |    88 ||   141
       Constrict         |    18 |    31 ||    49
       Tentacles         |    16 |    28 ||    44
Throw: Dart              |       |     4 ||     4
       Boomerang         |       |     3 ||     3
  Use: Scroll            |       |     3 ||     3
       Potion            |       |     2 ||     2
 Stab: Sleeping          |     5 |     4 ||     9
  Eat: Chunk             |       |     3 ||     3
Armor: Skin              |     3 |    10 ||    13
Dodge: Dodged            |    14 |    61 ||    75
Block: Shield            |    34 |    52 ||    86
       Rpst.: Long sword |     6 |    16 ||    22

Table legend:
 A = Non-vault XP
 B = Vault XP
 C = Vault XP percentage of total XP
 D = Non-vault monster count
 E = Vault monster count
 F = Vault count percentage of total count
                 A         B        C        D         E       F
            +---------+---------+-------+---------+---------+-------
      Total |     304 |      87 |  22.3 |      61 |      16 |  20.8
            +---------+---------+-------+---------+---------+-------
        D:1 |      50 |       6 |  10.7 |      21 |       3 |  12.5
        D:2 |     237 |       0 |   0.0 |      32 |       0 |   0.0
        D:3 |      17 |      14 |  45.2 |       8 |       1 |  11.1
      Sewer |       0 |      67 | 100.0 |       0 |      12 | 100.0
            +---------+---------+-------+---------+---------+-------
